 Dungeon Crawl Stone Soup version 0.31.0-11-ge490571c62 (webtiles) character file.

Game seed: 3724508734473968608

42608 dialectric the Shatterer (level 13, -5/129 HPs)
             Began as a Minotaur Fighter on Jan 28, 2024.
             Killed from afar by Jorgrun (11 damage)
             ... with an iron shot
             ... on level 12 of the Dungeon on Jan 29, 2024.
             The game lasted 00:19:52 (15520 turns).

dialectric the Shatterer (Minotaur Fighter)        Turns: 15520, Time: 00:19:53

Health: -5/129     AC: 25    Str: 29    XL:     13   Next: 86%
Magic:  0/12       EV:  2    Int: 11    God:
Gold:   1231       SH:  0    Dex:  9    Spells: 12/12 levels left

rFire   + + +        n - +7 flail "Arphaafu" {flame, rF+++ rC- Int+6 Dex-4}
rCold   x . .        (no shield)
rNeg    . . .        k - +0 plate armour
rPois   .            i - +2 hat {Stlth+}
rElec   .            J - +0 cloak
rCorr   .            Z - +0 pair of gloves
SInv    .            u - +2 pair of boots
Will    .....        l - amulet of guardian spirit Stlth
                     f - +4 ring of slaying
HPRegen 0.41/turn    m - +6 ring of strength
MPRegen 0.13/turn

%: guardian spirit
@: petrifying, grasped by roots, constricted, studying Armour, very slow
A: horns 2, retaliatory headbutt
a: no special abilities


You were on level 12 of the Dungeon.
You visited 2 branches of the dungeon, and saw 17 of its levels.
You also visited: Sewer.

You collected 1544 gold pieces.
You spent 313 gold pieces at shops.

Inventory:

Hand Weapons
 n - the +7 flail "Arphaafu" (weapon) {flame, rF+++ rC- Int+6 Dex-4}
   (You found it on level 2 of the Dungeon)

   Int+6:     It affects your intelligence (+6).
   Dex-4:     It affects your dexterity (-4).
   rF+++:     It renders you almost immune to fire.
   rC-:       It makes you vulnerable to cold.
 I - a +2 whip of venom
 V - a -2 demon whip of venom
Missiles
 D - 3 throwing nets (quivered)
Armour
 b - the +1 ring mail of the Beginning {-Cast rPois Str-2 Dex+8}
   (You bought it in a shop on level 1 of the Dungeon)

   Str-2:     It affects your strength (-2).
   Dex+8:     It affects your dexterity (+8).
   rPois:     It protects you from poison -Cast: It prevents spellcasting.
 c - a +0 buckler
 i - a +2 hat of stealth (worn)
 k - a +0 plate armour (worn)
 u - a +2 pair of boots (worn)
 x - a scarf of resistance
 B - +0 acid dragon scales
 J - a +0 cloak (worn)
 Z - a +0 pair of gloves (worn)
Jewellery
 a - a +4 ring of protection
 f - a +4 ring of slaying (left hand)
 l - an amulet of guardian spirit (around neck)
 m - a +6 ring of strength (right hand)
 q - a ring of poison resistance
 G - a ring of protection from fire
 N - a +4 ring of protection
 Q - an amulet of reflection
Talismans
 H - a flux talisman
Wands
 t - a wand of mindburst (15)
 C - a wand of roots (15)
 M - a wand of light (2)
 O - a wand of flame (39)
 W - a wand of polymorph (10)
Scrolls
 g - 7 scrolls of teleportation
 p - 7 scrolls of identify
 r - 5 scrolls of revelation
 s - 3 scrolls of blinking
 y - a scroll of poison {unknown}
 z - 3 scrolls of enchant armour
 A - 3 scrolls of butterflies
 R - 2 scrolls of noise
 S - 4 scrolls of vulnerability
 T - 3 scrolls of fog
 X - a scroll of enchant weapon
 Y - a scroll of brand weapon
Potions
 d - 5 potions of might
 e - 2 potions of mutation
 h - 3 potions of lignification
 j - a potion of cancellation
 o - 6 potions of curing
 w - 3 potions of ambrosia
 E - a potion of enlightenment
 L - 4 potions of brilliance
 U - a potion of invisibility
Miscellaneous
 K - a phial of floods (inert)


   Skills:
 - Level 16.3 Fighting
 + Level 23.0 Maces & Flails
 + Level 14.1 Armour
 - Level 6.3 Dodging
 - Level 1.1 Stealth
 - Level 4.1 Shields
 + Level 1.6 Evocations


You had 12 spell levels left.
You didn't know any spells.
Your spell library contained the following spells:

 Spells                   Type           Power      Damage    Failure   Level
 Magic Dart               Conj           0%         1d3       91%         1
 Necrotise                Necr           0%         1d4       91%         1
 Sandblast                Erth           0%         2d4       91%         1
 Shock                    Conj/Air       0%         1d3       91%         1
 Blink                    Tloc           0%         N/A       97%         2
 Call Imp                 Summ           0%         N/A       97%         2
 Call Canine Familiar     Summ           0%         N/A       99%         3
 Passwall                 Erth           0%         N/A       99%         3
 Sigil of Binding         Hex            0%         N/A       99%         3
 Stone Arrow              Conj/Erth      0%         3d7       99%         3
 Swiftness                Air            0%         N/A       99%         3
 Vampiric Draining        Necr           0%         2d6       99%         3
 Airstrike                Air            0%         2d(0-16)  100%        4
 Brom's Barrelling Bould  Conj/Erth      0%         2d3       100%        4
 Dimensional Bullseye     Hex/Tloc       0%         N/A       100%        4
 Ignite Poison            Fire/Alch      0%         N/A       100%        4
 Martyr's Knell           Necr/Summ      0%         N/A       100%        4
 Passage of Golubria      Tloc           0%         N/A       100%        4
 Sticky Flame             Fire/Alch      0%         2d4       100%        4
 Vhi's Electric Charge    Tloc/Air       0%         N/A       100%        4
 Arcjolt                  Conj/Air       0%         1d10      100%        5
 Curse of Agony           Necr           0%         N/A       100%        5
 Iskenderun's Battlesphe  Conj           0%         2d6       100%        5
 Silence                  Hex/Air        0%         N/A       100%        5
 Bombard                  Conj/Erth      0%         9d1       100%        6
 Spellforged Servitor     Conj/Summ      0%         N/A       100%        7
 Ignition                 Fire           0%         3d3       100%        8
 Lehudib's Crystal Spear  Conj/Erth      0%         10d2      100%        8
 Maxwell's Capacitive Co  Air            0%         ∞         100%        8


Dungeon Overview and Level Annotations

Branches:
Dungeon (12/15)              Lair (5/5) D:9             Orc (0/2) D:11
  Sewer (visited)
 Temple: D:4-7        Swamp: Lair:2-3    Shoals: Lair:2-3     Snake: Lair:2-3
 Spider: Lair:2-3     Slime: Lair:4-5

Altars:
Cheibriados
Makhleb
Nemelex Xobeh
Ru
Xom
Yredelemnul

Shops:
D:1 [   D:5 =   D:8 *

Annotations:
D:10 2 transporters, TheBioAlchemist's ghost, journeyman GrFi
D:12 Jorgrun


Innate Abilities, Weirdness & Mutations

You have a pair of horns on your head.
You reflexively headbutt those who attack you in melee.


Message History

You hit Jorgrun. You burn Jorgrun.
Jorgrun is severely wounded.
Jorgrun says, "Tha earth be me home, an' ye be trespassing!"
Jorgrun hits you but does no damage. The ground beneath you fractures.
The grasping roots constrict you!
* * * LOW HITPOINT WARNING * * *
You are too injured to fight recklessly!
Unknown command.
You miss Jorgrun. You headbutt Jorgrun!
Jorgrun is severely wounded.
Unknown command.
You are too injured to fight recklessly!
Unknown command.
You are too injured to fight recklessly!
You closely miss Jorgrun. Your headbutt misses Jorgrun.
Jorgrun is severely wounded.
Jorgrun points at you and mumbles some strange words.
You are slowing down.
The grasping roots constrict you!
* * * LOW HITPOINT WARNING * * *
You hit Jorgrun. You burn Jorgrun. You headbutt Jorgrun!
Jorgrun is almost dead.
Jorgrun hits you but does no damage. The ground beneath you fractures!!
* * * LOW HITPOINT WARNING * * *
The grasping roots constrict you!
* * * LOW HITPOINT WARNING * * *
Your limbs are stiffening.
Unknown command.
Okay, then.
As you read the scroll of fear, it crumbles to dust.
You assume a fearsome visage.
Jorgrun resists with almost no effort.
The troll looks frightened!
The yak looks frightened! x3
The yak easily resists.
Jorgrun hits you but does no damage. The ground beneath you fractures!
* * * LOW HITPOINT WARNING * * *
The grasping roots constrict you!
* * * LOW HITPOINT WARNING * * *
Jorgrun points at you and mumbles some strange words.
The iron shot hits you!!
You die...

##.# #..# #.## #
######'######## ##.
#.............# ....
#.............# Y...Y####
#.............+
Y.....T.###.............#
..Y.YYg@.............#
..######.............#
###############


You could see Jorgrun, 4 yaks and a troll (fleeing).

Vanquished Creatures
  Gastronok (D:8)
  Kirke (Lair:4)
  Erolcha (D:10)
  Harold (D:9)
  A hydra (Lair:3)
  2 boulder beetles (D:11)
  A catoblepas (Lair:4)
  Erica (D:8)
  A two-headed ogre (D:12)
  3 death yaks (Lair:3)
  Amaemon (Lair:2)
  Lodul (D:12)
  3 skeletal warriors (D:11)
  Pikel (D:5)
  3 manticores
  An ugly thing (D:7)
  Maurice (D:6)
  3 cyclopes
  An elephant (Lair:4)
  3 black mambas
  A torpor snail (Lair:4)
  An orange demon (Lair:2)
  10 cane toads
  An unseen horror (D:11)
  3 rime drakes
  5 komodo dragons
  Psyche (D:11)
  6 trolls
  A polar bear (Lair:3)
  A hornet (D:9)
  Prince Ribbit (D:5)
  17 blink frogs
  A vampire (D:11)
  34 yaks
  A shadow (D:10)
  10 wyverns
  3 hogs (Lair:5)
  2 basilisks
  Grum (D:8)
  2 acid dragons (D:9)
  7 water moccasins
  Duvessa (D:4)
  3 ice beasts
  2 sky beasts
  Pargi (Sewer)
  4 black bears
  7 orc warriors
  10 wolves
  12 ogres
  A lemure (D:5)
  4 centaurs
  A phantom (D:6)
  A gnoll sergeant (D:9)
  4 kobold brigands
  2 elf skeletons (D:5)
  10 bullfrogs
  3 scorpions
  4 wights
  Dowan (D:4)
  6 killer bees (D:9)
  5 electric eels (D:9)
  4 howler monkeys
  A human zombie (D:5)
  7 hounds
  A bombardier beetle (D:7)
  9 orc priests
  A jelly (D:7)
  4 sleepcaps
  A human skeleton (D:5)
  3 iguanas
  14 orc wizards
  4 adders
  A river rat (D:4)
  9 gnolls
  A shadow imp (D:6)
  A white imp (D:7)
  6 ufetubi (D:6)
  4 ribbon worms
  9 dart slugs
  30 orcs
  5 endoplasms
  7 giant cockroaches
  8 goblins
  8 hobgoblins
  9 jackals
  24 kobolds
  4 quokkas
  8 ball pythons
  11 bats
  A frilled lizard (D:1)
  An orc skeleton (D:5)
  An orc zombie (D:5)
  6 rats
425 creatures vanquished.

Vanquished Creatures (others)
  2 humans (Lair:5)
2 creatures vanquished.

Grand Total: 427 creatures vanquished

Notes
Turn   | Place    | Note
-------+----------+-------------------------------------------
     0 | D:1      | dialectric the Minotaur Fighter began the quest for the
                  | Orb.
     0 | D:1      | Reached XP level 1. HP: 19/19 MP: 0/0
    91 | D:1      | Reached XP level 2. HP: 27/27 MP: 1/1
   200 | D:1      | Found Jeijeo Besoi's Antique Armour Shop.
   230 | D:1      | Reached XP level 3. HP: 33/33 MP: 2/2
   278 | D:1      | Found a faded altar of an unknown god.
   348 | D:1      | You fall into a shaft and drop 1 floor!
   354 | D:2      | Found a shimmering altar of Xom.
   462 | D:2      | Reached skill level 3 in Maces & Flails
   660 | D:2      | Identified the +7 flail "Arphaafu" {flame, rF+++ rC- Int+6
                  | Dex-4}
  1142 | D:3      | Noticed an ogre
  1416 | D:3      | Reached XP level 4. HP: 41/41 MP: 3/3
  1445 | D:3      | Reached skill level 4 in Maces & Flails
  1445 | D:3      | Reached skill level 5 in Armour
  1445 | D:3      | Reached XP level 5. HP: 40/47 MP: 4/4
  1454 | D:3      | Killed an ogre
  1455 | D:3      | Reached skill level 1 in Dodging
  1751 | D:2      | Reached skill level 5 in Maces & Flails
  1751 | D:2      | Reached XP level 6. HP: 43/53 MP: 5/5
  2122 | D:4      | Found a glowing drain.
  2140 | Sewer    | Entered a sewer
  2180 | Sewer    | Noticed Pargi
  2186 | Sewer    | Killed Pargi
  2539 | D:4      | Noticed Duvessa
  2540 | D:4      | Noticed Dowan
  2545 | D:4      | Reached skill level 5 in Fighting
  2545 | D:4      | Reached skill level 6 in Maces & Flails
  2545 | D:4      | Reached XP level 7. HP: 56/61 MP: 6/6
  2548 | D:4      | Killed Duvessa
  2557 | D:4      | Killed Dowan
  2812 | D:5      | Entered Level 5 of the Dungeon
  2819 | D:5      | Noticed Prince Ribbit
  2825 | D:5      | Killed Prince Ribbit
  2826 | D:5      | Reached skill level 7 in Maces & Flails
  2930 | D:5      | Reached skill level 1 in Stealth
  2977 | D:5      | Reached XP level 8. HP: 70/70 MP: 7/7
  2990 | D:5      | Found Rocetueps's Jewellery Shop.
  3086 | D:5      | Reached skill level 8 in Maces & Flails
  3277 | D:5      | Noticed Pikel
  3285 | D:5      | Killed Pikel
  3295 | D:5      | Reached skill level 9 in Maces & Flails
  3295 | D:5      | Reached skill level 5 in Dodging
  3429 | D:5      | Found a sacrificial altar of Ru.
  3609 | D:5      | Reached XP level 9. HP: 78/78 MP: 8/8
  3983 | D:6      | Reached skill level 10 in Maces & Flails
  4399 | D:7      | Noticed Maurice
  4406 | D:6      | Maurice stole a flux talisman
  4407 | D:6      | Killed Maurice
  4675 | D:7      | Reached skill level 11 in Maces & Flails
  4681 | D:7      | Reached XP level 10. HP: 71/90 MP: 6/9
  4794 | D:7      | Noticed a white ugly thing
  4795 | D:7      | Noticed a manticore
  4798 | D:7      | Killed a white ugly thing
  4806 | D:7      | Killed a manticore
  5001 | D:7      | Found a basalt altar of Yredelemnul.
  5348 | D:8      | Reached skill level 12 in Maces & Flails
  5416 | D:8      | Noticed Erica
  5428 | D:8      | Killed Erica
  5429 | D:8      | Reached skill level 10 in Fighting
  5801 | D:8      | Found Waac's General Store.
  5809 | D:8      | Bought a potion of mutation for 88 gold pieces
  5829 | D:8      | Noticed Grum
  5840 | D:8      | Reached skill level 13 in Maces & Flails
  5852 | D:8      | Killed Grum
  5882 | D:8      | Reached skill level 14 in Maces & Flails
  6155 | D:8      | Found a burning altar of Makhleb.
  6227 | D:8      | Noticed Gastronok
  6239 | D:8      | Killed Gastronok
  6240 | D:8      | Reached XP level 11. HP: 52/102 MP: 4/10
  6683 | D:1      | Bought a faintly glowing ring mail for 225 gold pieces
  6683 | D:1      | Identified the +1 ring mail of the Beginning {-Cast rPois
                  | Str-2 Dex+8} (You bought it in a shop on level 1 of the
                  | Dungeon)
  7313 | D:9      | Noticed Harold
  7323 | D:9      | Killed Harold
  7324 | D:9      | Reached skill level 15 in Maces & Flails
  7643 | D:9      | Found a staircase to the Lair.
  7646 | D:9      | Reached skill level 10 in Armour
  8707 | D:10     | Entered Level 10 of the Dungeon
  8730 | D:10     | Noticed Erolcha
  8736 | D:10     | Killed Erolcha
  8737 | D:10     | Reached skill level 16 in Maces & Flails
  8788 | D:10     | Noticed TheBioAlchemist's ghost (journeyman GrFi)
  9019 | D:10     | Found a transporter.
  9036 | D:10     | Found a transporter.
  9121 | D:10     | Found a sparkling altar of Nemelex Xobeh.
  9183 | D:10     | Identified a scroll of acquirement
  9197 | D:10     | Acquired a manual of Maces & Flails
  9469 | D:11     | Noticed a boulder beetle
  9480 | D:11     | Killed a boulder beetle
  9481 | D:11     | Reached XP level 12. HP: 47/116 MP: 4/11
  9735 | D:11     | Noticed a boulder beetle
  9746 | D:11     | Killed a boulder beetle
  9816 | D:11     | Found a staircase to the Orcish Mines.
  9842 | D:11     | Reached skill level 17 in Maces & Flails
 10136 | D:11     | Noticed Psyche
 10142 | D:11     | Killed Psyche
 10143 | D:11     | Reached skill level 15 in Fighting
 10457 | Lair:1   | Entered Level 1 of the Lair of Beasts
 10683 | Lair:1   | Reached skill level 18 in Maces & Flails
 11249 | Lair:1   | Found a snail-covered altar of Cheibriados.
 11355 | Lair:1   | Reached skill level 19 in Maces & Flails
 11718 | Lair:2   | Noticed Amaemon
 11732 | Lair:2   | Killed Amaemon
 11740 | Lair:2   | HP: 2/119 [poisoned by orange demon (concentrated venom)]
 11741 | Lair:2   | Reached skill level 20 in Maces & Flails
 12108 | Lair:2   | Reached skill level 1 in Evocations
 12461 | Lair:2   | You fall into a shaft and drop 1 floor!
 12683 | Lair:3   | Reached XP level 13. HP: 127/127 MP: 12/12
 12707 | Lair:3   | Reached skill level 21 in Maces & Flails
 13361 | Lair:4   | Reached skill level 22 in Maces & Flails
 13459 | Lair:4   | Acquired a manual of Armour
 14206 | Lair:5   | Entered Level 5 of the Lair of Beasts
 14240 | Lair:5   | Noticed Kirke
 14263 | Lair:4   | Killed Kirke
 15065 | D:12     | Noticed Lodul
 15084 | D:12     | HP: 5/129 [ogre/+0 giant club[Lodul] (12)]
 15097 | D:12     | Killed Lodul
 15411 | D:12     | Identified the +0 leather armour of the Snake Pit {*Slow
                  | rF++ rC+ Regen+ rCorr}
 15496 | D:12     | Noticed Jorgrun
 15510 | D:12     | Reached skill level 23 in Maces & Flails
 15520 | D:12     | HP: 6/129 [constriction (4)]
 15520 | D:12     | Killed from afar by Jorgrun

Illustrated notes

Levels and vault maps discovered:
D:1:      minmay_arrival_wavy_path, layout_rooms, serial_shops, shop,
          ebering_ecumenical_altar_petrified
D:2:      layout_basic, basic_altar, minmay_small_reverse_x
D:3:      layout_rooms
D:4:      kennysheep_slugbush, layout_cave_pods, portal_sewer_entry_b,
          kennysheep_generic_room_3, uniq_duvessa
D:5:      layout_basic, mainiacjoe_overflow_alcove_2, serial_shops, shop,
          nicolae_ossuary_entry_catacombs, uniq_prince_ribbit1, uniq_pikel
D:6:      layout_cave_pools, grunt_decor_fettered, minmay_misc_feat_pillars,
          ldierk_geyser, dk_noncrumbling_4
D:7:      layout_basic, kennysheep_little_box, minmay_temple_entry_overgrown,
          nicolae_lava_and_water, minmay_the_grid_2x2 [minmay_the_grid_all_tris,
          minmay_the_grid_rooms, minmay_the_grid_expand,
          minmay_the_grid_prize_diamond_cup], uniq_maurice
D:8:      layout_basic, lightli_temple_of_fire, special_room [special_room_orc],
          serial_shops, nicolae_shop_peninsula, uniq_erica, uniq_gastronok,
          uniq_grum
D:9:      layout_cave_pods, erik_lair_island, nrook_loot_triangle,
          grunt_ministairs_2, minmay_misc_feat_ornament, uniq_harold
D:10:     layout_gridville, nemelex_spade_bored_becter,
          gammafunk_ghost_stat_death, uniq_erolcha
D:11:     layout_irregular_city, minmay_orc_entry_temple_small,
          minmay_diced_spiral, uniq_psyche
D:12:     layout_roguey, uniq_lodul, uniq_jorgrun
Lair:1:   layout_regular_city, basic_altar, grunt_megastairs_3,
          infiniplex_staircase_pool_2
Lair:2:   layout_regular_city, guppyfry_snake_entry_garden, uniq_amaemon
Lair:3:   layout_long_grid, mainiacjoe_shoals_entry_four_pools,
          serial_bayou_shore_b
Lair:4:   layout_long_grid, beast_lair_carwin_1, wad_woods_river_01
Lair:5:   evilmike_catoblepas_cave, layout_loops_ring,
          nicolae_slime_entry_field_trip, chequers_serial_rivers_room_b,
          uniq_kirke

Skill      XL: |  1  2  3  4  5  6  7  8  9 10 11 12 13 |
---------------+----------------------------------------+-----
Armour         | 4 5 6 7 8 9 11 14 | 14.1
Shields        | 4 |  4.1
Fighting       | 4 5 6 8 11 13 15 16 | 16.3
Maces & Flails | 3 4 5 6 7 9 11 14 16 20 23 | 23.0
Dodging        | 1 2 3 5 6 |  6.3
Stealth        | 1 |  1.1
Evocations     | 1 |  1.6

Action                     |  1- 3 |  4- 6 |  7- 9 | 10-12 | 13-15 || total
---------------------------+-------+-------+-------+-------+-------++-------
  Melee: Flail             |    63 |    77 |   139 |   427 |   190 ||   896
         Headbutt          |     4 |     6 |    20 |    70 |    48 ||   148
         Punch             |       |     1 |       |     5 |     1 ||     7
  Throw: Throwing net      |       |       |     1 |       |       ||     1
  Evoke: Wand              |       |       |       |     4 |     1 ||     5
         Phial of floods   |       |       |       |       |     1 ||     1
    Use: Scroll            |       |     5 |     8 |    15 |     6 ||    34
         Potion            |       |       |       |     3 |     3 ||     6
   Stab: Invisible         |       |       |       |       |     1 ||     1
 Armour: Scale mail        |    67 |    72 |   108 |    22 |       ||   269
         Plate armour      |       |       |       |   252 |   198 ||   450
         Acid dragon scale |       |       |       |    70 |       ||    70
         Ring mail         |       |       |       |     6 |       ||     6
  Dodge: Dodged            |    53 |    62 |    88 |   208 |    88 ||   499
  Block: Buckler           |     3 |       |       |       |       ||     3
